 Dungeon Crawl Stone Soup version 0.30-a0-169-g06f667207d (webtiles) character file.

Game seed: 8757836096645896196

159534 RepoMan the Impaler (level 17, -3/137 HPs)
             Began as a Mummy Fighter on Sept 30, 2022.
             Was the Champion of Fedhas.
             Slain by a naga warrior
             ... wielding a +0 halberd
              (14 damage)
             ... on level 4 of the Snake Pit.
             The game lasted 03:51:19 (33864 turns).

RepoMan the Impaler (Mummy Fighter)                Turns: 33864, Time: 03:51:19

Health: -3/137     AC: 24    Str: 29    XL:     17   Next: 16%
Magic:  0/28       EV: 12    Int:  7    God:    Fedhas [******]
Gold:   533        SH:  0    Dex: 19    Spells: 16/16 levels left

rFire   + . .      SeeInvis .    M - +8 halberd of Red Wine {pain, Dex+3}
rCold   + . .      Faith    +    (shield currently unavailable)
rNeg    + + +      Spirit   +    K - +4 chain mail {rF+}
rPois   ∞          Reflect  .    P - +2 hat of the Bear Spirit {Spirit, *Rage Will++}
rElec   .          Harm     .    T - +3 cloak of Analysis {Dex+3}
rCorr   .          Rampage  .    N - +1 pair of gloves {Str+3}
Will    ++++.                    (no boots)
Stlth   ..........               S - amulet of the acrobat
HPRegen 0.32/turn                O - +4 ring of slaying
MPRegen 0.21/turn                H - ring of protection from fire

@: constricted, studying Dodging
A: cold resistance 1, negative energy resistance 3, torment resistance 2, heat
vulnerability 1, in touch with death 2, no potions, faith
a: Renounce Religion, Wall of Briars, Grow Ballistomycete, Overgrow, Grow Oklob


You were on level 4 of the Snake Pit.
You worshipped Fedhas.
Fedhas was exalted by your worship.
You visited 5 branches of the dungeon, and saw 27 of its levels.
You also visited: Gauntlet.

You collected 3218 gold pieces.
You spent 2685 gold pieces at shops.

Inventory:

Hand Weapons
 v - a +4 trident
 x - a +4 shortbow
 M - the +8 halberd of Red Wine (weapon) {pain, Dex+3}
   (You took it off a gnoll on level 3 of the Dungeon)

   In the hands of one skilled in necromantic magic, it inflicts extra damage on
   living creatures.
   Dex:       It affects your dexterity (+3).
Missiles
 a - 5 atropa-tipped darts
 i - 7 javelins
 j - 42 poisoned darts
 s - 19 boomerangs (quivered)
 F - 2 silver boomerangs
 V - 4 silver javelins
Armour
 n - a +2 chain mail of willpower
 q - a +1 cloak of preservation
 t - the +8 tower shield of Hadjma {rN+}
   (You took it off a human on level 14 of the Dungeon)

   rN:        It protects you from negative energy.
 y - a +2 buckler
 I - a +2 troll leather armour {Snorg}
 K - a +4 chain mail of fire resistance (worn)
 N - a +1 pair of gloves of strength (worn)
 P - the +2 hat of the Bear Spirit (worn) {Spirit, *Rage Will++}
   (You found it in a Gauntlet)

   Going berserk makes the wearer tougher, and they're slowed less afterward.
   *Rage:     It berserks you when you make melee attacks (+20% chance).
   Will:      It greatly increases your willpower.
 T - the +3 cloak of Analysis (worn) {Dex+3}
   (You found it in a Gauntlet)

   Dex:       It affects your dexterity (+3).
Jewellery
 g - a ring of see invisible
 m - a ring of resist corrosion
 o - a ring of willpower
 B - a +6 ring of strength
 C - a ring of flight
 E - a ring of protection from cold
 H - a ring of protection from fire (right hand)
 O - a +4 ring of slaying (left hand)
 S - an amulet of the acrobat (around neck)
 X - the ring of Ebiwk {rElec rC- MP+9 Int+9}
   (You bought it in a shop on level 2 of the Orcish Mines)

   [ring of magical power]

   Int:       It affects your intelligence (+9).
   rC:        It makes you vulnerable to cold.
   rElec:     It insulates you from electricity.
   MP:        It affects your magic capacity (+9).
Wands
 d - a wand of roots (12)
 z - a wand of flame (53)
 J - a wand of charming (14)
 L - a wand of quicksilver (22)
 W - a wand of digging (9)
Scrolls
 b - 2 scrolls of fog
 c - a scroll of identify
 e - 6 scrolls of teleportation
 k - 7 scrolls of vulnerability
 l - 7 scrolls of enchant weapon
 p - 4 scrolls of poison
 r - 4 scrolls of amnesia
 u - 5 scrolls of noise
 w - 6 scrolls of enchant armour
 A - 2 scrolls of magic mapping
 U - 3 scrolls of immolation
Miscellaneous
 f - a tin of tremorstones (2/2)
 h - a phantom mirror
 G - a lightning rod (4/4)
 Q - a condenser vane


   Skills:
 + Level 13.4 Fighting
 + Level 17.2 Polearms
 + Level 9.0 Armour
 + Level 9.9 Dodging
 - Level 2.4 Shields
 * Level 14.9 Invocations


You had 16 spell levels left.
You didn't know any spells.
Your spell library contained the following spells:

 Spells                   Type           Power      Damage    Failure   Level
 Apportation              Tloc           0%         N/A       89%         1
 Magic Dart               Conj           0%         1d3       89%         1
 Shock                    Conj/Air       0%         1d3       89%         1
 Blink                    Tloc           0%         N/A       96%         2
 Call Imp                 Summ           0%         N/A       96%         2
 Ensorcelled Hibernation  Hex/Ice        0%         N/A       96%         2
 Momentum Strike          Conj/Tloc      0%         3d8       96%         2
 Poisonous Vapours        Pois/Air       0%         N/A       96%         2
 Scorch                   Fire           0%         2d5       96%         2
 Static Discharge         Conj/Air       0%         2-2/arc   96%         2
 Hailstorm                Conj/Ice       0%         3d3       99%         3
 Inner Flame              Hex/Fire       0%         N/A       99%         3
 Lesser Beckoning         Tloc           0%         N/A       99%         3
 Mephitic Cloud           Conj/Pois/Air  0%         N/A       99%         3
 Ozocubu's Armour         Ice            0%         N/A       99%         3
 Portal Projectile        Hex/Tloc       0%         N/A       99%         3
 Teleport Other           Tloc           0%         N/A       99%         3
 Anguish                  Hex/Necr       0%         N/A       100%        4
 Cause Fear               Hex            0%         N/A       100%        4
 Flame Wave               Conj/Fire      0%         2d4       100%        4
 Manifold Assault         Tloc           0%         N/A       100%        4
 Olgreb's Toxic Radiance  Pois           0%         N/A       100%        4
 Passage of Golubria      Tloc           0%         N/A       100%        4
 Summon Lightning Spire   Summ/Air       0%         N/A       100%        4
 Alistair's Intoxication  Tmut/Pois      0%         N/A       100%        5
 Arcjolt                  Conj/Air       0%         1d10      100%        5
 Lee's Rapid Deconstruct  Erth           0%         3d5*      100%        5
 Lightning Bolt           Conj/Air       0%         1d11      100%        5
 Metabolic Englaciation   Hex/Ice        0%         N/A       100%        5
 Silence                  Hex/Air        0%         N/A       100%        5
 Simulacrum               Ice/Necr       0%         N/A       100%        6
 Summon Cactus Giant      Summ           0%         N/A       100%        6
 Ozocubu's Refrigeration  Ice            0%         4d7       100%        7
 Discord                  Hex            0%         N/A       100%        8
 Ignition                 Fire           0%         3d3       100%        8
 Lehudib's Crystal Spear  Conj/Erth      0%         10d2      100%        8
 Maxwell's Capacitive Co  Air            0%         ∞         100%        8
 Spider Form              Tmut/Pois      Unusable   N/A       N/A         3
 Ice Form                 Ice/Tmut       Unusable   N/A       N/A         4
 Storm Form               Tmut/Air       Unusable   N/A       N/A         7

Dungeon Overview and Level Annotations

Branches:
Dungeon (15/15)            Temple (1/1) D:4            Lair (5/5) D:11
  Swamp (0/4) Lair:2        Snake (4/4) Lair:2        Slime (0/5) Lair:4
    Orc (2/2) D:10            Elf (0/3) Orc:2        Vaults (0/5) D:14
 Depths (0/4) D:15        Gauntlet (visited)

Altars:
Ashenzari
Cheibriados
Dithmenos
Fedhas
Gozag
Hepliaklqana
Kikubaaqudgha
Makhleb
Nemelex Xobeh
Okawaru
Qazlal
Ru
Sif Muna
Trog
Uskayaw
Vehumet
Wu Jian
Xom
Yredelemnul

Shops:
D:8 =   Orc:2 (*!(:=*[=   Snake:2 [[   Snake:3 [?!

Annotations:
Lair:4 1 runed translucent door, Wuateim's ghost, journeyman DEEE


Innate Abilities, Weirdness & Mutations

You are immune to poison.
Your flesh is cold resistant. (rC+)
You are immune to negative energy. (rN+++)
You are immune to unholy pain and torment.
You are vulnerable to heat. (rF-)
You are strongly in touch with the powers of death.
You do not drink.
You have a special connection with the divine. (Faith)


Message History

The nagaraja grabs you. The nagaraja constricts you.
* * * LOW HITPOINT WARNING * * *
The naga warrior barely misses you.
A ballistomycete spore comes into view.
Unknown command.
Okay, then.
Unknown command.
As you read the scroll of torment, it crumbles to dust.
You feel a surge of unholy energy.
The quicksilver dragon convulses!
The black mamba convulses!
The naga sharpshooter convulses!
The nagaraja convulses!
The naga mage convulses!
The naga warrior convulses!
The naga convulses!
The black mamba convulses!
The guardian serpent convulses!
The shock serpent convulses!
The guardian serpent closely misses something.
Your ballistomycete spore explodes!
The black mamba appears confused.
The explosion of spores engulfs the black mamba!!!
You kill the black mamba!
Fedhas appreciates your contribution to the ecosystem.
The black mamba appears confused.
The explosion of spores engulfs the black mamba!!!
You kill the black mamba!
Fedhas appreciates your contribution to the ecosystem.
The naga mage appears confused.
The explosion of spores engulfs the naga mage.
The naga mage is almost dead.
The naga sharpshooter appears confused.
The explosion of spores engulfs the naga sharpshooter!!!
You kill the naga sharpshooter!
Fedhas appreciates your contribution to the ecosystem.
The nagaraja hits you but does no damage.
The nagaraja constricts you.
* * * LOW HITPOINT WARNING * * *
The quicksilver dragon breathes dispelling energy at you.
The bolt of dispelling energy misses you.
The guardian serpent hits something but does no damage.
The guardian serpent hits itself.
The naga warrior hits you from afar with a +0 halberd!
You die...
Fedhas appreciates your contribution to the ecosystem.

####...##..##.#.....##...
##..'....#.#...###....
#..##...#.#..###....#
#...#####.#..###...##
##........#..##...###
##.......#..##...# # .
#.......##.##...# ..
#...NN..#..##...# # #...
#.@D.)..#..##...###
##8.####N.§..#..###...##
#.....##8N[..#..###....#
......NNS§..P#....##...)
...⌠......*)*########...
......N.§.).S)....).###.
#.....##8......).))..###
##8N####........)<..)...
#... #.......####....÷).


You could see a quicksilver dragon (catching breath), a nagaraja (strong, ally
target), a naga warrior, a shock serpent, a guardian serpent (confused), a naga
mage (fast, confused), a naga (strong), a friendly ballistomycete (summoned) and
2 friendly ballistomycete spores.

Vanquished Creatures
  A quicksilver dragon (Snake:4)
  4 nagarajas
  Donald (Snake:1)
  A minotaur (Gauntlet)
  Snorg (D:10)
  Josephine (D:11)
  A fire dragon (Lair:5)
  4 hydras
  4 salamander tyrants
  A vault guard (D:14)
  10 anacondas
  3 catoblepae
  7 two-headed ogres
  A death knight (D:15)
  6 centaur warriors
  3 boulder beetles
  A tengu warrior (D:15)
  13 naga warriors
  10 shock serpents
  11 naga sharpshooters
  Sonja (D:13)
  4 salamander mystics
  5 skeletal warriors
  3 sea snakes (Snake:4)
  5 naga ritualists
  A flayed ghost (D:15)
  A necromancer (D:15)
  A golden dragon skeleton (D:15)
  5 orc knights
  A wizard (D:13)
  A lindwurm (Lair:5)
  10 mana vipers
  2 deep elf pyromancers
  10 cyclopes
  A fire giant zombie (D:15)
  3 slime creatures (D:14)
  A manticore (D:13)
  8 ugly things
  15 salamanders
  A guardian serpent (shapeshifter) (D:15)
  Maurice (D:10)
  Joseph (D:10)
  3 molten gargoyles (Lair:5)
  48 black mambas
  A gargoyle (D:12)
  13 naga magi
  11 guardian serpents
  A smoke demon (Gauntlet)
  11 cane toads
  An efreet (D:13)
  2 freezing wraiths (D:15)
  12 komodo dragons
  2 unseen horrors (D:11)
  3 rime drakes
  A kobold demonologist (D:12)
  2 tengu conjurers (D:15)
  The ghost of anet the Covert, an amateur GnDe (D:3)
  8 trolls
  3 hornets (D:11)
  A queen bee (D:9)
  Grinder (D:3)
  2 polar bears
  2 tyrant leeches (Lair:2)
  7 dream sheep
  6 blink frogs
  Sigmund (D:3)
  A spriggan (Lair:2)
  10 humans (D:14)
  5 wyverns
  2 shadows (D:11)
  A vampire (D:12)
  2 steam dragons (Lair:5)
  An ettin skeleton (D:15)
  7 wraiths
  30 yaks
  4 vampire mosquitoes (D:12)
  11 basilisks
  Menkaure (D:7)
  2 wargs (Orc:1)
  An acid dragon (D:11)
  A human zombie (D:15)
  4 swamp worms
  40 nagas
  19 water moccasins
  4 floating eyes (D:11)
  4 hell hounds (Lair:5)
  39 orc warriors
  A swamp drake (D:7)
  4 ice beasts
  4 black bears
  10 ogres
  A sky beast (D:6)
  21 wolves
  28 centaurs
  3 kobold brigands
  11 bullfrogs
  2 scorpions
  A necrophage (D:8)
  2 wights (D:7)
  10 killer bees (D:9)
  3 howler monkeys
  2 electric eels (Lair:4)
  7 lava snakes
  A crimson imp (Gauntlet)
  11 orc priests
  13 jellies (Lair:4)
  Ijyb (D:3)
  A gnoll bouda (D:5)
  A hound (D:5)
  21 orc wizards
  5 iguanas
  A howler monkey skeleton (D:7)
  17 gnolls
  8 adders
  5 shadow imps
  A white imp (D:6)
  2 ufetubi
  3 worms
  4 dart slugs
  96 orcs
  3 bats
  9 endoplasms
  4 giant cockroaches
  6 goblins
  7 hobgoblins
  15 kobolds
  2 quokkas
  7 ball pythons
  5 frilled lizards
  2 rats
  5 ballistomycete spores
863 creatures vanquished.

Vanquished Creatures (collateral kills)
  A nagaraja (Snake:3)
  A naga warrior (Snake:3)
  A skeletal warrior (D:11)
  A deep elf pyromancer (D:13)
  An unseen horror (D:13)
  2 blink frogs (Lair:5)
  A naga (Snake:1)
  A warg (Orc:1)
  A water moccasin (Lair:3)
  An orc warrior (Orc:2)
  2 wolves (Lair:5)
  4 centaurs
  A bullfrog (Lair:2)
  14 killer bees
  2 crimson imps (Gauntlet)
  An orc wizard (Orc:1)
  3 orcs (Orc:1)
  A hobgoblin (D:8)
  195 ballistomycete spores
234 creatures vanquished.

Vanquished Creatures (others)
  A vault guard (D:14)
  An orc priest (D:11)
  18 ballistomycete spores
  A bush (Lair:5)
  27 demonic plants
  89 fungi
  107 plants
244 creatures vanquished.

Grand Total: 1341 creatures vanquished

Notes
Turn   | Place    | Note
-------+----------+-------------------------------------------
     0 | D:1      | RepoMan the Mummy Fighter began the quest for the Orb.
     0 | D:1      | Reached XP level 1. HP: 18/18 MP: 1/1
   125 | D:1      | Reached skill level 2 in Polearms
   283 | D:1      | Reached XP level 2. HP: 24/24 MP: 2/2
   289 | D:1      | Found a faded altar of an unknown god.
  1056 | D:2      | Gained mutation: You are in touch with the powers of death.
                  | [Mummy growth]
  1056 | D:2      | Reached XP level 3. HP: 29/29 MP: 3/3
  1095 | D:2      | Reached skill level 3 in Polearms
  1415 | D:3      | Found a transporter.
  1415 | D:3      | Found a transporter.
  1423 | D:3      | Noticed Grinder
  1428 | D:3      | Paralysed by Grinder for 4 turns
  1802 | D:3      | Noticed Sigmund
  1995 | D:4      | Reached XP level 4. HP: 22/35 MP: 4/4
  2206 | D:4      | Reached skill level 4 in Polearms
  2581 | D:4      | Found a hide-covered altar of Uskayaw.
  2904 | D:4      | Found a shimmering blue altar of Sif Muna.
  3002 | D:4      | Reached XP level 5. HP: 41/41 MP: 5/5
  3217 | D:4      | Found a staircase to the Ecumenical Temple.
  3225 | Temple   | Entered the Ecumenical Temple
  3248 | Temple   | Became a worshipper of Fedhas Madash
  3612 | D:5      | Entered Level 5 of the Dungeon
  3612 | D:5      | Noticed an ogre
  3759 | D:5      | Reached skill level 5 in Polearms
  3817 | D:5      | an ogre changed into a wolf
  3817 | D:5      | Noticed a wolf
  3825 | D:5      | Killed a wolf
  3826 | D:5      | Reached XP level 6. HP: 36/47 MP: 6/6
  4059 | D:5      | Reached * piety under Fedhas
  4073 | D:5      | Reached skill level 6 in Polearms
  4224 | D:5      | Found a broken altar of Ashenzari.
  4227 | D:5      | Noticed an ice beast
  4259 | D:5      | Killed an ice beast
  4260 | D:5      | Reached XP level 7. HP: 44/52 MP: 7/7
  4762 | D:6      | Reached skill level 7 in Polearms
  4923 | D:6      | Reached skill level 8 in Polearms
  4923 | D:6      | Reached XP level 8. HP: 49/58 MP: 8/8
  5217 | D:6      | Reached ** piety under Fedhas
  5679 | D:6      | Reached skill level 9 in Polearms
  6076 | D:7      | Found a basalt altar of Yredelemnul.
  6077 | D:7      | Found a transporter.
  6078 | D:7      | Found a transporter.
  6082 | D:7      | Noticed Menkaure
  6088 | D:7      | Found an ancient bone altar of Kikubaaqudgha.
  6383 | D:7      | Reached skill level 10 in Polearms
  6673 | D:7      | Reached XP level 9. HP: 54/63 MP: 9/9
  6770 | D:8      | Found Niudattu's Jewellery Shop.
  7042 | D:8      | Reached skill level 1 in Invocations
  7181 | D:8      | Reached *** piety under Fedhas
  7531 | D:8      | Found a radiant altar of Vehumet.
  8468 | D:9      | Identified the +8 mace of Fiocw {freeze, rC+ Dex+2}
  8827 | D:9      | Found a sacrificial altar of Ru.
  9018 | D:9      | Reached **** piety under Fedhas
  9019 | D:9      | Reached skill level 11 in Polearms
  9469 | D:9      | Reached skill level 5 in Fighting
  9474 | D:9      | Reached XP level 10. HP: 56/74 MP: 6/12
  9864 | D:9      | Noticed a two-headed ogre
  9874 | D:9      | Killed a two-headed ogre
 10130 | D:8      | Bought a ring of protection from fire for 300 gold pieces
 10151 | D:10     | Entered Level 10 of the Dungeon
 10151 | D:10     | Noticed Snorg
 10172 | D:10     | Killed Snorg
 10186 | D:10     | Reached skill level 12 in Polearms
 10197 | D:10     | Reached skill level 5 in Invocations
 10323 | D:10     | Found a bloodstained altar of Trog.
 10323 | D:10     | Noticed Maurice
 10324 | D:10     | Noticed a two-headed ogre
 10347 | D:10     | Killed Maurice
 10359 | D:10     | Killed a two-headed ogre
 10365 | D:10     | Found a shadowy altar of Dithmenos.
 10518 | D:10     | Reached XP level 11. HP: 53/83 MP: 15/15
 10555 | D:10     | Found a staircase to the Orcish Mines.
 10669 | D:10     | Noticed a two-headed ogre
 10670 | D:10     | Noticed Joseph
 10680 | D:10     | Killed a two-headed ogre
 10686 | D:10     | Killed Joseph
 11026 | D:10     | Found a hazy altar of Hepliaklqana.
 11202 | D:11     | Noticed a two-headed ogre
 11335 | D:11     | Noticed a brown ugly thing
 11335 | D:11     | Noticed a two-headed ogre
 11335 | D:11     | Noticed a deep elf pyromancer
 11353 | D:11     | Killed a brown ugly thing
 11367 | D:11     | Killed a two-headed ogre
 11368 | D:11     | Reached skill level 13 in Polearms
 11371 | D:11     | Killed a two-headed ogre
 11376 | D:11     | Noticed a skeletal warrior
 11409 | D:11     | Killed a skeletal warrior
 11481 | D:11     | Noticed a green ugly thing
 11490 | D:11     | Paralysed by a floating eye for 2 turns
 11540 | D:11     | Killed a deep elf pyromancer
 11564 | D:11     | Paralysed by a floating eye for 2 turns
 11569 | D:11     | Killed a green ugly thing
 11606 | D:11     | Noticed a boulder beetle
 11635 | D:11     | Killed a boulder beetle
 11636 | D:11     | Reached XP level 12. HP: 94/94 MP: 12/17
 11677 | D:11     | Noticed Josephine
 11681 | D:11     | Paralysed by a floating eye for 2 turns
 11688 | D:11     | Killed Josephine
 11749 | D:11     | Reached skill level 14 in Polearms
 11770 | D:11     | Noticed a two-headed ogre
 11781 | D:11     | Killed a two-headed ogre
 11789 | D:11     | HP: 2/95 [skeletal warrior/+0 halberd (5)]
 12000 | D:11     | Noticed a two-headed ogre
 12014 | D:11     | Killed a two-headed ogre
 12250 | D:11     | Found a staircase to the Lair.
 12259 | Lair:1   | Entered Level 1 of the Lair of Beasts
 13166 | Lair:2   | Noticed a seven-headed hydra
 13188 | Lair:2   | Killed a seven-headed hydra
 13318 | Lair:2   | Found a staircase to the Snake Pit.
 13606 | Lair:2   | Found a staircase to the Swamp.
 13996 | Lair:2   | Identified the +1 mace "Hell-Harrower" {vamp, Fly rC+ rN+}
 14024 | Lair:2   | Gained mutation: You are strongly in touch with the powers
                  | of death. [Mummy growth]
 14024 | Lair:2   | Reached XP level 13. HP: 95/103 MP: 19/19
 14585 | Lair:3   | Reached skill level 10 in Fighting
 15367 | Lair:3   | Reached skill level 10 in Invocations
 16060 | Lair:4   | Found a runed translucent door.
 16065 | Lair:4   | Noticed Wuateim's ghost (journeyman DEEE)
 16100 | Lair:4   | Reached skill level 1 in Dodging
 16345 | Lair:4   | Found a staircase to the Slime Pits.
 16362 | Lair:4   | Reached ***** piety under Fedhas
 16631 | Lair:4   | Reached skill level 5 in Armour
 16800 | Lair:4   | You fall into a shaft and drop 1 floor!
 16800 | Lair:5   | Entered Level 5 of the Lair of Beasts
 17872 | Lair:5   | Found a large runed translucent door.
 17873 | Lair:5   | Found a large runed translucent door.
 17873 | Lair:5   | Noticed a fire dragon
 17999 | Lair:5   | HP: 4/105 [molten gargoyle/+0 mace of draining (8)]
 18164 | Lair:5   | Reached XP level 14. HP: 83/111 MP: 15/22
 18388 | Lair:5   | Reached skill level 15 in Polearms
 19154 | Orc:1    | Entered Level 1 of the Orcish Mines
 19930 | Orc:2    | Entered Level 2 of the Orcish Mines
 19930 | Orc:2    | Found a staircase to the Elven Halls.
 19930 | Orc:2    | Found Syivaff's Jewellery Boutique.
 19948 | Orc:2    | Found Samokirgh's Antique Armour Shop.
 20667 | Orc:2    | Found Sifiast's Distillery.
 20708 | Orc:2    | Found Haxoiqu's General Store.
 20777 | Orc:2    | Found Siurettu's Weapon Emporium.
 20961 | Orc:2    | Found Ditzegug's Book Shop.
 20961 | Orc:2    | Found Wouweiku's Jewellery Shoppe.
 20963 | Orc:2    | Found Tecagh's General Store.
 20965 | Orc:2    | Found Oluicoku's Weapon Boutique.
 20975 | Orc:2    | Bought a scroll of immolation for 48 gold pieces
 21317 | D:7      | Killed Menkaure
 21474 | D:3      | Noticed Ijyb
 21482 | D:3      | Killed Ijyb
 21556 | D:3      | Got the Tome of Violent Fog
 21733 | D:3      | Killed Sigmund
 21756 | D:3      | Noticed anet's ghost (amateur GnDe)
 21758 | D:3      | Identified the +8 halberd of Red Wine {pain, Dex+3}
 21799 | D:3      | Killed Grinder
 22037 | D:3      | Killed anet's ghost
 23454 | D:13     | Noticed Sonja
 23470 | D:13     | Killed Sonja
 24482 | D:14     | Found a gate leading to a gauntlet.
 24490 | Gauntlet | Entered a Gauntlet
 24490 | Gauntlet | Found a transporter.
 24490 | Gauntlet | Found a transporter.
 24497 | Gauntlet | Found a transporter.
 24498 | Gauntlet | Found the +2 hat of the Bear Spirit {Spirit, *Rage Will++}
 24499 | Gauntlet | Found a transporter.
 24502 | Gauntlet | Found a transporter.
 24521 | Gauntlet | Found a transporter.
 24538 | Gauntlet | Found a transporter.
 24540 | Gauntlet | Found a transporter.
 24540 | Gauntlet | Found a transporter.
 24553 | Gauntlet | Found a transporter.
 24568 | Gauntlet | Found a runed translucent door.
 24569 | Gauntlet | Found a transporter.
 24570 | Gauntlet | Found a runed translucent door.
 24579 | Gauntlet | Found a transporter.
 24593 | Gauntlet | Found a transporter.
 24613 | Gauntlet | Found a transporter.
 24799 | Gauntlet | Identified the +3 cloak of Analysis {Dex+3}
 24865 | Gauntlet | Reached ****** piety under Fedhas
 24871 | Gauntlet | Identified the +6 hand axe of the Crawling Thing {vamp,
                  | Will+ MP+9 Dex-4}
 24872 | Gauntlet | Got the Volume of the Quantum Flock
 24872 | Gauntlet | Got the Lectures on Overcast Spelunking
 25033 | D:14     | Reached skill level 5 in Dodging
 25344 | D:14     | Reached XP level 15. HP: 78/120 MP: 12/24
 25686 | D:14     | Identified the +8 tower shield of Hadjma {rN+}
 25737 | D:14     | Found a gate to the Vaults.
 25964 | D:15     | Entered Level 15 of the Dungeon
 26002 | D:15     | Found a staircase to the Depths.
 26448 | D:15     | Reached skill level 16 in Polearms
 27304 | Orc:2    | Bought a ring of see invisible for 240 gold pieces
 27304 | Orc:2    | Bought the ring of Suemoex {rElec rF- EV+4 Int+4 Dex+2} for
                  | 889 gold pieces
 27431 | Snake:1  | Entered Level 1 of the Snake Pit
 27494 | Snake:1  | Noticed Donald
 27496 | Snake:1  | Identified a scroll of acquirement
 27502 | Snake:1  | Killed Donald
 27512 | Snake:1  | Acquired 874 gold pieces
 27726 | Snake:1  | Identified the +3 ring mail "Dohiof" {rElec Int+6 Dex+2
                  | Slay-5}
 28112 | Snake:1  | Found a hide-covered altar of Uskayaw.
 28218 | Snake:2  | Found Weqalaaj's Jewellery Boutique.
 28220 | Snake:2  | Found Xoheybel's Antique Armour Shoppe.
 28467 | Orc:2    | Bought the ring of Ebiwk {rElec rC- MP+9 Int+9} for 596
                  | gold pieces
 29036 | Snake:2  | Found Achemioz's Armour Shoppe.
 29099 | Snake:2  | Bought a +4 chain mail of fire resistance for 315 gold
                  | pieces
 29699 | Snake:2  | Found a radiant altar of Vehumet.
 30097 | Snake:2  | Reached XP level 16. HP: 116/129 MP: 14/26
 30521 | Snake:3  | Found Saemm's Antique Armour Shoppe.
 30521 | Snake:3  | Found Niblar's Magic Scroll Emporium.
 30525 | Snake:3  | Found Saamayt's Distillery.
 30541 | Snake:3  | Bought a distressingly furry scale mail for 297 gold pieces
 30541 | Snake:3  | Identified the +1 scale mail of Marbles {rC+ rCorr Str-2
                  | Int+4} (You bought it in a shop on level 3 of the Snake
                  | Pit)
 31890 | Snake:4  | Entered Level 4 of the Snake Pit
 32429 | Snake:4  | Reached skill level 17 in Polearms
 33598 | Snake:4  | Reached XP level 17. HP: 119/137 MP: 24/28
 33856 | Snake:4  | Noticed a quicksilver dragon
 33857 | Snake:4  | Noticed a quicksilver dragon
 33860 | Snake:4  | Killed a quicksilver dragon
 33864 | Snake:4  | Slain by a naga warrior

Illustrated notes

Levels and vault maps discovered:
D:1:      kennysheep_arrival_seaside, layout_basic,
          shapermc_ecumenical_altar_totnotflames
D:2:      layout_loops_ring
D:3:      layout_loops_ring, gammafunk_ghost_gnarly_gnolls, grunt_ministairs_13,
          grunt_decor_fettered, minmay_misc_feat_rows, minmay_misc_feat_square,
          uniq_grinder, uniq_ijyb, uniq_sigmund
D:4:      layout_basic, nicolae_uskayaw_murder_on_the_dancefloor, led_sif_pool,
          minmay_temple_entry_glassed_door
D:5:      layout_cave_pools, overflow_temple_1_default, eino_curves_02
D:6:      layout_loops_ring, serial_demonic, serial_demonic_e, serial_demonic_b,
          serial_demonic_g, serial_demonic_g, kennysheep_generic_room_10
D:7:      layout_loops_ring, gammafunk_temple_of_torment
D:8:      layout_loops_ring, vehumet_altar_wand_db,
          mainiacjoe_overflow_cross_hatched, serial_shops,
          nicolae_take_the_stairs, grunt_ministairs_3,
          hangedman_abyss_or_decor_passed
D:9:      layout_roguey, nicolae_ru_great_annihilating_truth,
          nicolae_overflow_crystal_walls, special_room [special_room_bee],
          serial_co_window_serial, co_window_paths_a, co_window_corner_a,
          co_window_corner_a, co_window_corner_a, co_window_paths_b,
          co_window_paths_c, co_window_2corner, co_window_corner_b,
          co_window_2corner, co_window_corner_b, co_window_broadway_b,
          glass_columns_b, glass_columns_b
D:10:     layout_cave_pods, mainiacjoe_overflow_six_doors_small,
          lemuel_round_altar, nzn_hepliaklqana_mist_gate, david_orc_2,
          uniq_joseph, uniq_maurice, uniq_snorg
D:11:     layout_basic, due_lair_maze_entry_diamond, onia_ninara_cookie,
          uniq_josephine
D:12:     layout_small_grid, minivault_1
D:13:     layout_stronghold, uniq_sonja
D:14:     layout_roguey [special_room_orc], ximxim_vaults_locker_room,
          chequers_serial_rivers_room_b, gauntlet_entry_generic
D:15:     gammafunk_depths_entry_grave, layout_loops_cross
Temple:   chequers_temple_sunken
Lair:1:   layout_loops_ring
Lair:2:   layout_chaotic_city, minmay_swamp_entry_worms,
          minmay_snake_entry_six_corridors, grunt_forest_large_clearing_hut,
          lemuel_fruit_tree
Lair:3:   layout_cave_pods
Lair:4:   layout_layer_cave, minmay_slime_entry_jelly_boxes,
          ebering_ghost_reflecting_pool, nicolae_lair_liquid_snakes
Lair:5:   cheibrodos_lair_end_hotspot, layout_regular_city
Snake:1:  layout_misc_corridors, basic_altar, nicolae_triple_integral,
          uniq_donald
Snake:2:  layout_rooms, basic_altar, serial_shops, shop,
          nicolae_shop_hallway_plus, nicolae_shop_stone
Snake:3:  layout_cave_town, grunt_ministairs_12, minmay_shop_star
Snake:4:  hellmonk_snake_rune_quicksilver_temple, layout_cave_town, drop_trap,
          nicolae_snake_snakewalk, serial_bayou_shore_a
Orc:1:    layout_diamond_mine, basic_altar, guppyfry_library_mini
Orc:2:    st_orc_rangers, layout_caves, serial_shops, nicolae_lakefront_shop,
          nicolae_shop_hallway_plus, shop, nicolae_square_shop, shop

Skill      XL: |  1  2  3  4  5  6  7  8  9 10 11 12 13 14 15 16 17 |
---------------+----------------------------------------------------+-----
Polearms       | 2 3 4 5 6 8 10 11 12 13 14 15 16 17 | 17.2
Invocations    | 3 5 7 9 11 12 13 14 | 14.9
Fighting       | 5 6 8 9 10 11 12 13 | 13.4
Armour         | 4 5 6 7 8 9 |  9.0
Dodging        | 2 5 7 9 |  9.9
Shields        | |  2.4

Action                   |  1- 3 |  4- 6 |  7- 9 | 10-12 | 13-15 | 16-18 || total
-------------------------+-------+-------+-------+-------+-------+-------++-------
Melee: Trident           |    11 |       |       |       |   494 |       ||   505
       Spear             |    79 |   179 |   446 |   714 |   757 |       ||  2175
       Halberd           |       |       |       |       |   512 |   370 ||   882
 Fire: Shortbow          |       |       |       |       |    29 |       ||    29
Throw: Stone             |     6 |     5 |       |       |       |       ||    11
       Dart              |     5 |    13 |    20 |    14 |       |       ||    52
       Javelin           |     3 |       |       |       |       |       ||     3
       Boomerang         |       |       |       |       |     7 |       ||     7
Invok: Wall of Briars    |       |       |     3 |    21 |    37 |     7 ||    68
       Grow Ballistomyce |       |       |       |     9 |    11 |     5 ||    25
       Grow Oklob        |       |       |       |       |     1 |     1 ||     2
Evoke: Wand              |       |     1 |     5 |    19 |    26 |       ||    51
       Lightning rod     |       |       |     3 |     5 |    13 |       ||    21
       Tin of tremorston |       |       |       |       |     2 |       ||     2
       Phantom mirror    |       |       |       |       |     1 |       ||     1
  Use: Scroll            |     7 |     1 |     8 |     6 |    20 |     4 ||    46
 Stab: Confused          |       |       |       |     2 |     4 |    11 ||    17
       Petrified         |       |       |       |       |     3 |       ||     3
       Sleeping          |       |       |       |       |     3 |       ||     3
Armor: Scale mail        |    15 |    40 |   108 |    15 |       |       ||   178
       Troll leather arm |       |       |       |   107 |   258 |       ||   365
       Chain mail        |       |       |       |       |    72 |   103 ||   175
Dodge: Dodged            |    16 |    57 |   101 |   122 |   471 |   166 ||   933
Block: Buckler           |     2 |    26 |    41 |    57 |   153 |       ||   279

Table legend: (Time is in decaauts)
 A = Elapsed time spent in this place.
 B = Non-inter-level travel time spent in this place.
 C = Inter-level travel time spent in this place.
 D = Time resting spent in this place.
 E = Time spent auto-exploring this place.
 F = Levels seen in this place.
 G = Mean time per level.
                   A        B        C        D        E       F      G
               +--------+--------+--------+--------+--------+-----+--------+
         Total |  32747 |  30608 |   2139 |   6779 |  12026 |  28 | 1169.5 |
       Dungeon |  17632 |  16526 |   1106 |   3721 |   7396 |  15 | 1175.5 |
        Temple |     53 |     31 |     22 |      0 |      0 |   1 |   53.0 |
          Lair |   6709 |   6167 |    542 |    699 |   3091 |   5 | 1341.8 |
     Snake Pit |   5880 |   5691 |    189 |   2143 |   1193 |   4 | 1470.0 |
  Orcish Mines |   2094 |   1816 |    278 |    203 |    346 |   2 | 1047.0 |
      Gauntlet |    378 |    378 |      0 |     12 |      0 |   1 |  378.0 |
               +--------+--------+--------+--------+--------+-----+--------+

Top non-repeatable levels by time:
     D:4: 1971 daAuts
 Snake:4: 1906 daAuts
     D:9: 1704 daAuts
  Lair:5: 1645 daAuts
  Lair:4: 1537 daAuts
    D:11: 1507 daAuts
 Snake:3: 1497 daAuts
     D:8: 1413 daAuts
 Snake:2: 1305 daAuts
     D:7: 1275 daAuts
  Lair:2: 1256 daAuts
    D:10: 1227 daAuts
   Orc:2: 1194 daAuts
    D:14: 1187 daAuts
 Snake:1: 1170 daAuts
